Map: Backwater LE

Players

llllllllllll

  • Race: Terran Terran
  • League: Master
  • Spawn Location: 5:00

Trizztein - Winner!

  • Race: Terran Terran
  • League: Diamond
  • Spawn Location: 11:00

VOD

Have the link to the VOD?

Description

Time

  • Played on: Feb. 9, 2018, 9:23 a.m.
  • Length: 14:40
Show
View Real Time Build Order
Export as new Build Order

llllllllllll Terran 

Build Orders: Cyclone Opening, Reaper Expand 

Get SALT Encoding   

  12  0:00  SCV  
  13  0:12  SCV  
  14  0:18  Supply Depot  
  14  0:26  SCV  
  15  0:36  Refinery  
  15  0:39  SCV  
  16  0:47  Barracks  
  16  0:51  SCV  
  17  1:06  SCV  
  18  1:18  SCV  
  19  1:34  Reaper, Orbital Command  
  20  1:45  Command Center  
  20  1:55  Factory  
  20  1:59  SCV  
  21  2:03  Refinery  
  21  2:09  Supply Depot  
  21  2:14  Reaper  
  22  2:16  SCV  
  23  2:31  SCV  
  24  2:43  SCV  
  25  2:48  Cyclone  
  28  2:55  SCV  
  30  2:58  Orbital Command  
  29  3:07  SCV  
  29  3:09  Barracks Reactor  
  29  3:12  Starport  
  30  3:20  Hellion  
  30  3:25  SCV  
  33  3:34  Barracks  
  31  3:43  Cyclone  
  31  3:44  SCV x2  
  31  3:47  Marine x2  
  38  3:48  Viking  
  40  4:01  SCV x2  
  42  4:04  Supply Depot  
  42  4:05  Supply Depot  
  42  4:08  Marine x2  
  44  4:13  SCV  
  44  4:15  SCV  
  46  4:18  Factory Tech Lab  
  46  4:27  SCV  
  46  4:28  SCV  
  48  4:36  Barracks Tech Lab  
  48  4:37  Siege Tank  
  48  4:38  Viking, Marine x2  
  54  4:42  Engineering Bay  
  54  4:43  SCV x2  
  54  4:44  Engineering Bay  
  57  4:54  Supply Depot  
  57  4:55  SCV x2  
  59  5:10  Marine x2  
  59  5:11  Marine  
  62  5:15  SCV x2  
  62  5:20  Command Center  
  64  5:25  Starport Reactor, Siege Tank  
  67  5:32  SCV x2, Refinery x2  
  69  5:41  Marine  
  70  5:46  Terran Infantry Weapons Level 1, Supply Depot  
  70  5:54  Terran Infantry Armor Level 1  
  70  5:55  Barracks  
  70  5:56  Barracks  
  70  6:06  Marine  
  70  6:09  Marine, SCV  
  70  6:11  SCV  
  70  6:12  Marine  
  67  6:28  Marine, Barracks Tech Lab  
  67  6:30  Marine  
  69  6:39  Medivac x2  
  73  6:40  Siege Tank  
  73  6:44  SCV x2  
  73  6:45  Orbital Command  
  78  6:48  Marine x3  
  81  6:55  Barracks Reactor  
  81  6:56  Barracks Reactor  
  81  6:59  Supply Depot  
  81  7:00  Armory, Supply Depot, SCV x2  
  83  7:07  Marine x2  
  73  7:20  Medivac, Marine, Siege Tank  
  73  7:22  SCV x3  
  81  7:25  Marine  
  82  7:33  Stimpack, Marine x5  
  87  7:37  Marine  
  87  7:38  SCV x3  
  87  7:41  Refinery  
  87  7:42  Refinery  
  91  7:50  SCV  
  92  7:54  Marine x6  
  92  7:55  Siege Tank  
  101  8:13  Sensor Tower  
  101  8:20  Marine x6  
  101  8:21  Medivac  
  101  8:22  Supply Depot  
  107  8:44  Viking, Supply Depot  
  107  8:50  Viking  
  109  9:04  SCV x2  
  109  9:07  Marine x4  
  115  9:10  Terran Infantry Armor Level 2, Terran Infantry Weapons Level 2  
  115  9:11  Supply Depot x2  
  112  9:35  Marine  
  113  9:39  Marine x6  
  113  9:40  Medivac x2, Siege Tank  
  113  9:42  SCV x3  
  113  9:44  Factory  
  129  9:48  Barracks  
  129  9:51  Barracks  
  129  9:53  Combat Shields  
  129  9:58  Command Center  
  129  10:03  Supply Depot  
  129  10:05  Supply Depot  
  118  10:32  Marine  
  118  10:33  Marine  
  79  10:40  Marine x5  
  73  10:43  Medivac, Siege Tank  
  73  10:44  Medivac  
  73  10:47  Barracks Reactor x2, Factory Tech Lab  
  80  10:50  Marine x2  
  80  10:54  Sensor Tower  
  82  10:58  Marine x3  
  82  10:59  Marine x2  
  87  11:08  Marine  
  87  11:09  SCV x3  
  91  11:11  Marine  
  91  11:13  Planetary Fortress  
  91  11:16  Marine x5  
  91  11:18  Medivac, Siege Tank x2  
  103  11:23  Marine x3  
  103  11:24  Marine  
  109  11:26  Marine, SCV  
  109  11:29  Marine  
  111  11:33  Marine  
  111  11:38  Marine x3  
  111  11:39  Marine  
  116  11:41  Marine x2  
  118  11:52  Siege Tank x2  
  118  11:53  Marine x4  
  120  12:17  Marine x7  
  120  12:18  Marine x4  
  131  12:24  Thor x2  
  133  12:35  Marine  
  134  12:46  Marine x5  
  107  13:11  Marine x2  
  109  13:13  Marine x3  
  109  13:17  Command Center  
  112  13:20  Marine x2  
  112  13:23  Marine x2  
  112  13:24  Marine x2  
  114  13:38  Marine x5  
  114  13:39  Marine x2  
  95  13:41  Marine  
  92  13:54  Command Center  
  92  14:01  Marine x6  
  92  14:02  Marine x3  
  101  14:05  Marine x2  
  101  14:06  Medivac, Siege Tank  
  108  14:11  SCV x3  
  111  14:19  Marine  
  111  14:23  SCV x2  
Show
View Real Time Build Order
Export as new Build Order

Trizztein Terran - Winner!

Build Orders: Cyclone Opening 

Get SALT Encoding   

  12  0:01  SCV  
  13  0:13  SCV  
  14  0:17  Supply Depot  
  14  0:25  SCV  
  15  0:29  Refinery  
  15  0:39  SCV  
  16  0:46  Barracks  
  16  0:51  SCV  
  17  1:03  SCV  
  18  1:15  SCV  
  20  1:34  Reaper, Orbital Command  
  20  1:44  Command Center  
  20  1:55  Factory  
  20  2:00  SCV  
  21  2:05  Refinery  
  22  2:08  Reaper  
  22  2:15  Supply Depot  
  22  2:17  SCV  
  23  2:37  SCV  
  23  2:49  SCV  
  23  2:54  Cyclone  
  23  2:55  Barracks Tech Lab  
  23  2:56  Barracks, Barracks Reactor  
  26  3:01  SCV  
  27  3:06  Orbital Command  
  27  3:13  SCV  
  28  3:25  SCV  
  29  3:28  Cyclone  
  31  3:34  Marine x2  
  31  3:37  SCV x2  
  35  3:46  Barracks Tech Lab  
  35  3:49  SCV  
  35  3:53  Engineering Bay  
  36  3:58  SCV  
  36  4:01  SCV  
  38  4:04  Factory Reactor  
  38  4:08  Stimpack  
  38  4:09  Starport  
  38  4:11  SCV  
  38  4:14  SCV  
  38  4:15  Marine  
  41  4:23  SCV  
  42  4:25  Terran Infantry Weapons Level 1  
  42  4:26  Marine, SCV  
  42  4:27  Marine  
  45  4:33  Supply Depot  
  45  4:37  SCV  
  45  4:38  SCV  
  45  4:41  Supply Depot  
  45  4:42  Refinery  
  46  4:50  Factory Tech Lab  
  46  4:55  Medivac, SCV x2  
  46  4:56  Medivac  
  46  4:57  Marine  
  53  5:00  Marine  
  53  5:02  Marine  
  54  5:07  SCV x2  
  56  5:18  Marine x2  
  56  5:19  SCV x2  
  60  5:31  Supply Depot, SCV x2  
  62  5:41  Supply Depot  
  62  5:43  Refinery  
  62  5:52  Viking, Marine x2, Siege Tank, SCV  
  70  6:03  Medivac, Marine, SCV  
  74  6:04  SCV  
  74  6:06  Command Center  
  74  6:10  Marine x2  
  76  6:20  Marine  
  76  6:21  SCV  
  76  6:24  SCV  
  74  6:28  Supply Depot, Marine x2  
  76  6:33  SCV  
  76  6:34  Supply Depot  
  76  6:36  SCV  
  78  6:47  Medivac, Marine, Siege Tank  
  78  6:48  SCV  
  78  6:49  Barracks  
  78  6:50  Barracks, SCV  
  78  6:52  Marine  
  87  6:55  Terran Infantry Armor Level 1  
  87  7:00  SCV  
  88  7:02  SCV  
  88  7:04  Missile Turret  
  89  7:12  SCV  
  89  7:14  Marine x3  
  88  7:20  Siege Tank  
  90  7:24  SCV  
  91  7:30  Barracks  
  91  7:31  Supply Depot  
  91  7:32  Marine x2  
  91  7:34  Supply Depot  
  91  7:36  Barracks Tech Lab  
  93  7:37  Barracks Reactor, Refinery  
  93  7:38  Marine  
  93  7:39  Refinery  
  93  7:40  SCV  
  93  7:43  Orbital Command  
  95  7:44  SCV  
  95  7:50  Marine  
  97  7:53  Viking x2  
  97  7:56  Supply Depot  
  97  7:57  SCV  
  102  7:58  Supply Depot  
  102  8:01  SCV  
  102  8:04  Marine x3  
  106  8:08  Marine  
  107  8:22  Marine x3  
  107  8:23  Viking x2, Supply Depot, Marine x2  
  107  8:24  Barracks Reactor  
  107  8:25  Marine  
  117  8:32  Armory  
  117  8:33  Supply Depot, SCV x2  
  117  8:34  Engineering Bay  
  119  8:35  SCV  
  119  8:40  Marine x2  
  122  8:45  SCV  
  119  8:53  Viking x2  
  123  9:00  Marine x8  
  123  9:02  Siege Tank  
  126  9:18  Marine x5  
  126  9:23  Viking  
  133  9:26  Starport x2, SCV x3  
  133  9:27  Factory  
  133  9:28  Factory  
  128  9:34  Siege Tank  
  125  9:43  Marine x8  
  132  9:46  Viking  
  132  9:49  SCV  
  132  9:50  Terran Vehicle Weapons Level 1  
  132  9:51  Terran Infantry Weapons Level 2  
  135  10:01  Marine x5  
  135  10:06  Siege Tank, SCV  
  143  10:18  Marine x4  
  143  10:19  Marine x4  
  143  10:20  Orbital Command  
  109  10:35  Marine  
  109  10:36  Marine x6  
  109  10:37  Marine  
  109  10:38  Siege Tank  
  109  10:41  SCV x2  
  109  10:42  Factory Tech Lab x2  
  115  10:43  Viking  
  115  10:44  Starport Tech Lab x2  
  117  10:53  Marine x3  
  117  10:54  Marine x5  
  117  10:55  SCV x2  
  117  10:56  SCV  
  128  11:08  Siege Tank x2  
  128  11:10  Terran Infantry Armor Level 2, Siege Tank  
  137  11:11  Marine x3  
  137  11:12  Marine x5  
  145  11:24  Barracks x2  
  145  11:25  Raven x2  
  145  11:29  Marine x3  
  145  11:30  Marine x2  
  145  11:32  Viking x2  
  158  11:38  Marine x3  
  161  11:40  Siege Tank  
  161  11:46  Sensor Tower  
  163  11:47  Marine x2  
  163  11:48  Marine  
  163  11:49  Marine x2  
  157  11:56  Marine x3  
  157  12:02  Viking x2  
  157  12:05  Marine x2  
  157  12:06  Marine  
  157  12:07  Marine  
  165  12:44  Marine x3  
  165  12:57  Marine x3  
  165  13:00  Siege Tank  
  165  13:01  Viking, Marine  
  165  13:09  Supply Depot  
  165  13:10  Supply Depot, Marine x6, Siege Tank x2, SCV x3  
  180  13:14  Viking  
  180  13:15  Marine  
  180  13:18  Command Center  
  181  13:24  Marine  
  181  13:25  Marine  
  180  13:28  Marine x2  
  180  13:29  Marine  
  180  13:30  Marine x3  
  178  13:41  Marine x2  
  156  13:42  Marine  
  156  13:46  Marine x2, SCV  
  156  13:48  Marine x3  
  159  13:51  SCV  
  157  13:58  SCV  
  157  13:59  Marine x2  
  157  14:00  Marine  
  157  14:01  Siege Tank x2  
  167  14:03  Marine, SCV  
  167  14:04  Marine  
  167  14:06  Marine x3  
  173  14:15  Missile Turret  
  173  14:16  Marine  
  174  14:17  Marine  
  174  14:18  Marine  
  176  14:30  Missile Turret  
Tags
 
Add a new tag
Caveats
  • Supply blocks, unpowered buildings, or Contaminate may cause inaccurate times.
  • Supply counts are checked every 10 seconds.